 Dungeon Crawl Stone Soup version 0.21.1-1-g345015f (webtiles) character file.

5560 aMcNicky the Frost Mage (level 10, -7/86 HPs)
             Began as a Black Draconian Ice Elementalist on Mar 22, 2018.
             Was a Believer of Sif Muna.
             Mangled by a slime creature (8 damage)
             ... on level 9 of the Dungeon.
             The game lasted 00:58:35 (14398 turns).

aMcNicky the Frost Mage (DrIE)                     Turns: 14398, Time: 00:58:35

Health: -7/86      AC:  9    Str: 11    XL:     10   Next: 44%
Magic:  21/28      EV: 15    Int: 18    God:    Sif Muna [**....]
Gold:   513        SH:  0    Dex: 16    Spells: 11/21 levels left

rFire    . . .     SeeInvis .   v - +0 dagger (venom)
rCold    . . .     Gourm    .   c - +1 buckler
rNeg     . . .     Faith    .   (armour unavailable)
rPois    .         Spirit   .   (helmet restricted)
rElec    +         Reflect  .   (no cloak)
rCorr    .         Harm     .   D - +0 pair of gloves
MR       .....                  B - +0 pair of boots
Stlth    +.........             (no amulet)
HPRegen  0.24/turn              G - +4 ring of dexterity
MPRegen  0.21/turn              x - ring of magical power

@: confused, slowed, very slow
A: breathe lightning, unfitting armour, electricity resistance, cold-blooded, AC
+7
a: Breathe Lightning, Divine Energy, Renounce Religion


You were on level 9 of the Dungeon.
You worshipped Sif Muna.
Sif Muna was pleased with you.
You were hungry.

You visited 2 branches of the dungeon, and saw 10 of its levels.
You also visited: Ossuary.

You collected 513 gold pieces.

Inventory:

Hand Weapons
 u - a +0 hunting sling
 v - a +0 dagger of venom (weapon)
 I - a +2 quarterstaff of protection
Missiles
 m - 209 stones (quivered)
Armour
 c - a +1 buckler (worn)
 B - a +0 pair of boots (worn)
 D - a +0 pair of gloves (worn)
Jewellery
 x - a ring of magical power (right hand)
 C - an uncursed ring of resist corrosion
 G - a +4 ring of dexterity (left hand)
Wands
 n - a wand of polymorph (17)
 y - a wand of digging (11)
Scrolls
 f - 2 scrolls of magic mapping
 j - 5 scrolls of teleportation
 k - 2 scrolls of fear {unknown}
 l - 8 scrolls of remove curse {@r2}
 o - 2 scrolls of amnesia
 s - 2 scrolls of fog {unknown}
 t - 3 scrolls of enchant armour
 w - 3 scrolls of blinking {unknown}
 A - a scroll of enchant weapon {unknown}
 E - a scroll of identify {@r1}
Potions
 d - 3 potions of mutation
 e - a potion of ambrosia
 g - a potion of brilliance
 i - 7 potions of curing {@q1}
 p - 7 potions of flight
 q - a potion of might {unknown}
 r - a potion of invisibility {unknown}
 z - a potion of degeneration {unknown}
 J - a potion of agility {unknown}
Books
 a - a book of Frost

   Spells                             Type                      Level
   a - Freeze                         Ice                          1
   b - Throw Frost                    Conjuration/Ice              2
   c - Ozocubu's Armour               Charms/Ice                   3
   d - Throw Icicle                   Conjuration/Ice              4
   e - Summon Ice Beast               Ice/Summoning                4
 F - a book of Changes

   Spells                             Type                      Level
   a - Beastly Appendage              Transmutation                1
   b - Sticks to Snakes               Transmutation                2
   c - Spider Form                    Transmutation/Poison         3
   d - Ice Form                       Ice/Transmutation            4
   e - Blade Hands                    Transmutation                5
Comestibles
 b - 14 rations


   Skills:
 + Level 7.1 Fighting
 - Level 4.5 Short Blades
 + Level 5.1 Dodging
 - Level 1.7 Stealth
 - Level 4.0 Shields
 + Level 6.3 Spellcasting
 - Level 1.0 Conjurations
 + Level 5.2 Summonings
 + Level 8.4 Ice Magic


You had 11 spell levels left.
You knew the following spells:

 Your Spells              Type           Power        Failure   Level  Hunger
a - Freeze                Ice            ####         1%          1    None
b - Throw Frost           Conj/Ice       ###...       2%          2    None
c - Summon Ice Beast      Ice/Summ       ####....     7%          4    ####...
d - Ozocubu's Armour      Chrm/Ice       ###.....     6%          3    ##.....


Dungeon Overview and Level Annotations

Branches:
Dungeon (9/15)             Temple (1/1) D:5
   Lair: D:8-11         Orc: D:9-12

Altars:
Ashenzari
Cheibriados
Dithmenos
Elyvilon
Fedhas
Gozag
Hepliaklqana
Kikubaaqudgha
Makhleb
Nemelex Xobeh
Okawaru
Qazlal
Ru
Sif Muna
Trog
Uskayaw
Vehumet
Wu Jian
Xom
Yredelemnul
Zin
The Shining One

Shops:
D:4 (   D:6 *

Annotations:
D:6 exclusion: downstairs
D:9 Erica, Gastronok


Innate Abilities, Weirdness & Mutations

You can breathe wild blasts of lightning.
Your glossy black scales are hard. (AC +7)
You cannot fit into any form of body armour.
You are resistant to electric shocks. (rElec)
You are cold-blooded and may be slowed by cold attacks.


Message History

You hear some strange, mumbled words.
A bolt of poison appears from out of thin air!
The bolt of poison hits you!
You are more poisoned.
* * * LOW HITPOINT WARNING * * *
Your ice beast hits the slime creature.
Your ice beast freezes the slime creature!
The slime creature hits you!
* * * LOW HITPOINT WARNING * * *
You feel better. The slime creature hits your ice beast!
The slime creature hits you!
* * * LOW HITPOINT WARNING * * *
Your ice beast hits the slime creature.
Your ice beast freezes the slime creature.
Your ice beast hits the slime creature.
Your ice beast freezes the slime creature!
You hear some strange, mumbled words.
You are confused.
The slime creature hits you!
You die...

##...........
##............
##.............
##..............
##...............
##................
##.................
#..................
#.@JY..............
#.JY...............
#...J..............
#..................
#..................
#..................
#..................
#..................
#...............##


You could see 3 slime creatures and 2 friendly ice beasts.

Vanquished Creatures
  Pikel (D:7)
  2 centaur zombies
  Joseph (D:9)
  A spriggan (D:7)
  Sigmund (D:4)
  Menkaure (D:4)
  3 ice beasts
  2 sky beasts
  A black bear (D:7)
  2 orc warriors
  4 ogres
  2 centaurs
  A gnoll sergeant (D:7)
  6 bullfrogs
  3 scorpions
  A water moccasin skeleton (D:7)
  5 killer bees (D:7)
  A wight (D:6)
  3 electric eels (D:7)
  A howler monkey (D:9)
  2 crimson imps
  6 hounds
  6 orc priests
  2 jellies
  4 orc wizards
  Jessica (D:3)
  3 iguanas
  4 worker ants
  A hound zombie (D:6)
  A hound skeleton (D:4)
  3 worker ant zombies
  9 gnolls
  15 adders
  A scorpion zombie (Ossuary)
  2 oozes
  An adder zombie (D:8)
  2 adder skeletons
  2 worms
  8 dart slugs
  4 leopard geckos
  27 orcs
  A ball python (D:1)
  7 giant cockroaches
  5 goblins
  8 hobgoblins
  8 jackals
  3 quokkas
  6 bats
  7 frilled lizards
  A hobgoblin zombie (Ossuary)
  8 kobolds
  10 rats
210 creatures vanquished.

Vanquished Creatures (collateral kills)
  A two-headed ogre (D:9)
  An ogre (D:7)
  2 wights (D:7)
  A centaur zombie (D:8)
  A worker ant (D:8)
  2 howler monkey zombies
  A dart slug (D:7)
  An orc (D:8)
  A ball python (D:7)
11 creatures vanquished.

Vanquished Creatures (others)
  A slave (D:7)
  A dart slug (D:7)
  An orc (D:7)
3 creatures vanquished.

Grand Total: 224 creatures vanquished

Notes
Turn   | Place    | Note
-------+----------+-------------------------------------------
     0 | D:1      | aMcNicky the Draconian Ice Elementalist began the quest for the Orb.
     0 | D:1      | Reached XP level 1. HP: 14/14 MP: 3/3
   265 | D:1      | Reached XP level 2. HP: 22/22 MP: 1/5
   646 | D:1      | Reached skill level 1 in Fighting
  1153 | D:1      | Reached XP level 3. HP: 20/28 MP: 3/6
  1724 | D:1      | Learned a level 2 spell: Throw Frost
  2307 | D:2      | Reached skill level 4 in Ice Magic
  2674 | D:2      | Reached XP level 4. HP: 33/36 MP: 2/8
  3561 | D:2      | Reached XP level 5. HP: 33/42 MP: 6/9
  4105 | D:3      | Noticed Jessica
  4124 | D:3      | Killed Jessica
  4192 | D:3      | Reached skill level 5 in Ice Magic
  4736 | D:4      | Reached XP level 6. HP: 47/51 MP: 6/10
  4912 | D:4      | Noticed Sigmund
  5377 | D:4      | Killed Sigmund
  5377 | D:4      | Reached skill level 6 in Ice Magic
  5377 | D:4      | Your scales start taking on a glossy black colour.
  5377 | D:4      | Reached XP level 7. HP: 37/59 MP: 5/13
  5377 | D:4      | Gained mutation: You are resistant to electric shocks. (rElec) [Black Draconian growth]
  5484 | D:4      | Learned a level 4 spell: Summon Ice Beast
  5544 | D:4      | Noticed Menkaure
  5553 | D:4      | Killed Menkaure
  5811 | D:4      | Found Nockus's Antique Weapon Shop.
  6599 | D:5      | Entered Level 5 of the Dungeon
  6675 | D:5      | Found a hazy altar of Hepliaklqana.
  6723 | D:5      | Reached skill level 1 in Shields
  6723 | D:5      | Reached skill level 1 in Summonings
  6724 | D:5      | Reached skill level 1 in Short Blades
  6750 | D:5      | Found a staircase to the Ecumenical Temple.
  6891 | D:5      | Found a sand-covered staircase.
  6899 | Ossuary  | Entered an ossuary
  7798 | D:5      | Reached XP level 8. HP: 67/67 MP: 11/14
  8000 | Temple   | Entered the Ecumenical Temple
  8068 | Temple   | Became a worshipper of Sif Muna the Loreminder
  8899 | D:6      | Reached skill level 5 in Fighting
  8905 | D:6      | Reached skill level 7 in Ice Magic
  9162 | D:6      | Found Waeriasm's General Store.
  9588 | D:6      | Found a blossoming altar of Fedhas.
 10059 | D:7      | Reached skill level 5 in Spellcasting
 10059 | D:7      | Reached XP level 9. HP: 46/74 MP: 16/16
 10463 | D:7      | Reached * piety under Sif Muna
 10469 | D:7      | Noticed Pikel
 10625 | D:7      | Killed Pikel
 12138 | D:8      | Reached ** piety under Sif Muna
 12156 | D:7      | Reached XP level 10. HP: 53/84 MP: 10/18
 12524 | D:8      | Reached skill level 8 in Ice Magic
 12812 | D:8      | Learned a level 3 spell: Ozocubu's Armour
 12910 | D:8      | Found a glowing golden altar of the Shining One.
 13177 | D:8      | Found a shattered altar of Ashenzari.
 13743 | D:9      | Noticed Gastronok
 13766 | D:9      | Noticed a two-headed ogre
 13883 | D:9      | Noticed Joseph
 13900 | D:9      | Killed Joseph
 13900 | D:9      | Reached skill level 5 in Summonings
 14125 | D:9      | Killed a two-headed ogre
 14125 | D:9      | Reached skill level 5 in Dodging
 14374 | D:9      | Noticed Erica
 14397 | D:9      | HP: 2/86 [slime creature (15)]
 14398 | D:9      | Mangled by a slime creature

Skill      XL: |  1  2  3  4  5  6  7  8  9 10 |
---------------+-------------------------------+-----
Fighting       | 1 2 3 4 5 6 7 |  7.1
Ice Magic      | 4 5 6 7 8 |  8.4
Spellcasting   | 3 4 5 6 |  6.3
Dodging        | 2 3 4 5 |  5.1
Shields        | 1 3 4 |  4.0
Summonings     | 1 3 4 5 |  5.2
Short Blades   | 1 3 4 |  4.5
Stealth        | |  1.7
Conjurations   | |  1.0

Action                   |  1- 3 |  4- 6 |  7- 9 | 10-12 || total
-------------------------+-------+-------+-------+-------++-------
Melee: Club              |    11 |       |       |       ||    11
       Tailslap          |     1 |     3 |    38 |    10 ||    52
       Dagger            |     7 |    37 |   245 |    57 ||   346
Throw: Stone             |    71 |    42 |    44 |     2 ||   159
 Cast: Freeze            |    80 |   120 |   217 |    79 ||   496
       Throw Frost       |       |     4 |    14 |     3 ||    21
       Summon Ice Beast  |       |       |     5 |     8 ||    13
       Ozocubu's Armour  |       |       |       |     3 ||     3
 Abil: Breathe Lightning |       |       |     9 |       ||     9
  Use: Scroll            |     1 |     3 |     9 |     2 ||    15
       Potion            |       |       |       |     2 ||     2
 Stab: Sleeping          |     1 |       |       |       ||     1
       Distracted        |       |       |       |     1 ||     1
  Eat: Chunk             |     3 |     9 |     8 |     3 ||    23
       Ration            |     1 |       |     5 |     1 ||     7
Armor: Skin              |    23 |    31 |   100 |    28 ||   182
Dodge: Dodged            |    41 |    78 |   233 |    63 ||   415
Block: Buckler           |       |       |    45 |    30 ||    75
